 Dungeon Crawl Stone Soup version 0.28.0-47-ge53b351184 (webtiles) character file.

Game seed: 4581911474190690592

30 xaos the Shield-Bearer (level 3, -17/25 (27) HPs)
             Began as a Human Wanderer on May 7, 2022.
             Was a Follower of Dithmenos.
             Demolished by an ogre
             ... wielding a +0 giant spiked club
              (19 damage)
             ... on level 2 of the Dungeon.
             The game lasted 00:05:04 (1280 turns).

xaos the Shield-Bearer (Human Wanderer)             Turns: 1280, Time: 00:05:04

HP:   -17/25 (27)   AC:  9    Str: 12    XL:     3   Next: 37%
MP:   3/3           EV:  8    Int: 10    God:    Dithmenos [*.....]
Gold: 28            SH:  5    Dex: 16    Spells: 2/2 levels left

rFire   . . .      SeeInvis .   a - +0 hand crossbow
rCold   . . .      Faith    .   b - +0 buckler {AC+3}
rNeg    . . .      Spirit   .   d - +0 scale mail
rPois   .          Reflect  .   (no helmet)
rElec   .          Harm     .   (no cloak)
rCorr   .          Rampage  .   (no gloves)
Will    .....                   (no boots)
Stlth   ..........              (no amulet)
HPRegen 0.08/turn               (no ring)
MPRegen 0.08/turn               (no ring)

@: lethally poisoned (-17 -> -20), wreathed by umbra, drained
A: no striking features
a: Renounce Religion


You were on level 2 of the Dungeon.
You worshipped Dithmenos.
Dithmenos was aware of your devotion.
You visited 1 branch of the dungeon, and saw 2 of its levels.

You collected 28 gold pieces.

Inventory:

Hand Weapons
 a - a +0 hand crossbow (weapon)
Missiles
 c - 4 bolts (quivered ammo)
Armour
 b - a +0 buckler of protection (worn)
 d - a +0 scale mail (worn)
Scrolls
 f - a scroll of magic mapping {unknown}


   Skills:
 + Level 2.1 Fighting
 + Level 2.3 Crossbows
 + Level 2.1 Armour
 + Level 4.7 Shields


You had 2 spell levels left.
You didn't know any spells.
Your spell library contained the following spells:

 Spells                   Type           Power      Damage    Failure   Level
 Slow                     Hex            0%         N/A       95%         1
 Ensorcelled Hibernation  Hex/Ice        0%         N/A       98%         2
 Confusing Touch          Hex            0%         N/A       100%        3
 Spider Form              Tmut/Pois      0%         N/A       100%        3
 Vampiric Draining        Necr           0%         2d6       100%        3
 Anguish                  Hex/Necr       0%         N/A       100%        4


Dungeon Overview and Level Annotations

Branches:
Dungeon (2/15)

Altars:
Dithmenos


Message History

The ogre closely misses you.
Fire: 7 bolts
Press: ? - help, Q - select action Shift-Dir - straight line, f/p - adder
Aim: an adder (lightly wounded, umbra, 50% to hit)
You shoot a bolt. The bolt barely misses the adder.
The adder bites you.
* * * LOW HITPOINT WARNING * * *
You block the adder's attack.
Unknown command.
Fire: 6 bolts
Press: ? - help, Q - select action Shift-Dir - straight line, f/p - adder
Aim: an adder (lightly wounded, umbra, 50% to hit)
You shoot a bolt. The bolt barely misses the adder.
The adder barely misses you. The ogre closely misses you.
You block the adder's attack.
Unknown command.
Unknown command.
Fire: 5 bolts
Press: ? - help, Q - select action Shift-Dir - straight line, f/p - adder
Aim: an adder (lightly wounded, umbra, 50% to hit)
You shoot a bolt. The bolt closely misses the adder.
You block the adder's attack. The ogre barely misses you.
The adder bites you but does no damage.
Unknown command.
As you read the scroll labelled GYF KUTULI, it crumbles to dust.
You hear a loud clanging noise!
It was a scroll of noise.
You hear an angry hiss.
You hear a shout!
You hear a bark!
You hear an angry hiss.
You hear a shout!
You hear a bark! x3
The adder bites you.
* * * LOW HITPOINT WARNING * * *
You are lethally poisoned!
The adder poisons you! The ogre barely misses you.
Unknown command.
Unknown command.
* * * LOW HITPOINT WARNING * * *
You feel sick.
The ogre hits you with a +0 giant spiked club!!
Ouch! That really hurt!
You die...

### . ). #.
.###
#.#####?.. #
...#...# #.
#.#.@# #.
#(.OS#
#.###..#.#
.#.##(.(..(.(#
..(.(......###
..(..(.....#
...#####(###
#.# ...


You could see an ogre and an adder.

Vanquished Creatures
  A gnoll (D:1)
  5 endoplasms (D:1)
  2 hobgoblins (D:1)
  2 quokkas
  A bat (D:1)
  3 frilled lizards (D:1)
  3 kobolds (D:1)
  3 rats (D:1)
  A spectral hobgoblin (D:1)
21 creatures vanquished.

Notes
Turn   | Place    | Note
-------+----------+-------------------------------------------
     0 | D:1      | xaos the Human Wanderer began the quest for the Orb.
     0 | D:1      | xaos set off with the following items: a +0 hand crossbow,
                  | a +0 buckler of protection, 20 bolts, a +0 scale mail
     0 | D:1      | Reached XP level 1. HP: 16/16 MP: 1/1
   212 | D:1      | Reached XP level 2. HP: 12/22 MP: 2/2
   502 | D:1      | Reached XP level 3. HP: 14/27 MP: 3/3
   943 | D:1      | Found a faded altar of an unknown god.
   975 | D:1      | Prayed at the altar of an unknown god.
   975 | D:1      | Became a worshipper of Dithmenos the Shadowed
   975 | D:1      | Reached * piety under Dithmenos
  1263 | D:2      | Noticed an ogre
  1280 | D:2      | Demolished by an ogre

Illustrated notes

Levels and vault maps discovered:
D:1:      amcnicky_arrival_feature_with_door, layout_basic,
          dreamdust_ecumenical_altar_drowned_temple, st_stairs_9,
          serial_park_tiny_2
D:2:      layout_loops_ring, basic_altar

Action                   || total
-------------------------++-------
 Fire: Hand crossbow     ||    53
  Use: Scroll            ||     1
Armor: Scale mail        ||    17
Dodge: Dodged            ||    19
Block: Buckler           ||    16
